 Dungeon Crawl Stone Soup version 0.22-a0-156-gba4b0f4 (webtiles) character file.

483 Atlas the Insei (level 7, -1/43 HPs)
             Began as an Octopode Transmuter on Feb 8, 2018.
             Slain by a hound zombie (2 damage)
             ... in an ossuary.
             The game lasted 00:06:13 (4796 turns).

Atlas the Insei (Octopode Transmuter)               Turns: 4796, Time: 00:06:13

Health: -1/43      AC:  1    Str: 10    XL:     7   Next: 12%
Magic:  12/12      EV: 14    Int: 17    God:
Gold:   116        SH:  5    Dex: 18    Spells: 6/12 levels left

rFire    . . .     SeeInvis .     - Unarmed
rCold    . . .     Gourm    .   l - +1 buckler
rNeg     . . .     Faith    .   (helmet restricted)
rPois    .         Spirit   .   (no amulet)
rElec    .         Reflect  .   f - +6 ring of dexterity
rCorr    .         Harm     .   k - ring of protection from magic
MR       +....                  (no ring)
Stlth    +++.......             (no ring)
HPRegen  0.14/turn              (no ring)
MPRegen  0.13/turn              (no ring)
                                (no ring)
                                (no ring)

@: flying
A: almost no armour, stealthy swim, amphibious, 8 rings, constrict 8, camouflage
1, gelatinous body 1
a: no special abilities


You were in an ossuary.
You were hungry.

You visited 1 branch of the dungeon, and saw 4 of its levels.
You also visited: Ossuary.

You collected 116 gold pieces.

Inventory:

Missiles
 a - 114 arrows
Armour
 l - a +1 buckler (worn)
Jewellery
 f - a +6 ring of dexterity (left tentacle)
 k - a ring of protection from magic (right tentacle)
Wands
 h - a wand of iceblast (10)
Scrolls
 d - a scroll of amnesia
 i - a scroll of enchant weapon
 n - a scroll of remove curse
 o - a scroll of fear
Potions
 e - a potion of lignification {unknown}
 g - a potion of resistance {unknown}
 m - a potion of degeneration
 s - a potion of magic {unknown}
Books
 b - a book of Changes

   Spells                             Type                      Level
   a - Beastly Appendage              Transmutation                1
   b - Sticks to Snakes               Transmutation                2
   c - Spider Form                    Transmutation/Poison         3
   d - Ice Form                       Ice/Transmutation            4
   e - Blade Hands                    Transmutation                5
Comestibles
 c - 6 rations
 p - 5 chunks of flesh


   Skills:
 + Level 1.5 Fighting
 + Level 2.9 Dodging
 - Level 2.2 Stealth
 + Level 0.9 Shields
 + Level 5.3 Unarmed Combat
 + Level 3.4 Spellcasting
 + Level 3.2 Transmutations
 + Level 1.8 Poison Magic


You had 6 spell levels left.
You knew the following spells:

 Your Spells              Type           Power        Failure   Level  Hunger
a - Beastly Appendage     Tmut           ##....       6%          1    None
b - Sticks to Snakes      Tmut           ##......     10%         2    ##.....
c - Spider Form           Tmut/Pois      ##........   26%         3    ###....


Dungeon Overview and Level Annotations

Branches:
Dungeon (4/15)
 Temple: D:4-7

Altars:
Ashenzari
Nemelex Xobeh
Sif Muna


Innate Abilities, Weirdness & Mutations

You cannot wear most types of armour.
You are very stealthy in the water. (Stealth+)
You are amphibious.
You can wear up to eight rings at the same time.
You can use your tentacles to constrict eight enemies at once.
Your skin changes colour to match your surroundings (Stealth+).
Your rubbery body absorbs attacks. (AC +1, EV +1)


Message History

You constrict the kobold zombie. The jackal zombie barely misses you.
The hound zombie completely misses you. The big kobold zombie hits you.
* * * LOW HITPOINT WARNING * * *
You release your grip on the kobold zombie.
The jackal zombie bites you.
* * * LOW HITPOINT WARNING * * *
The kobold zombie hits you.
* * * LOW HITPOINT WARNING * * *
Unknown command.
The kobold zombie misses you. The hound zombie bites you.
* * * LOW HITPOINT WARNING * * *
The goblin zombie hits you.
* * * LOW HITPOINT WARNING * * *
Some of the chunks of flesh in your inventory have rotted away.
It was a potion of flight.
You feel very buoyant.
You fly up into the air.
Your tentacle spike disappears.
The hound zombie bites you.
You die...

#..................
#..........∩.......
#..........∩.......
...................
........Z..........
.##...ZZZ.........
..##...ZZ..........
.M....ZZZZ.........
........@..........
.........#####....
.......... ...
...........
############


You could see a mummy (dormant), an adder zombie, a rat zombie, a jackal zombie,
a hound zombie, a goblin zombie, a kobold zombie, a big kobold zombie, an orc
zombie and 2 elf zombies.

Vanquished Creatures
  An elf zombie (Ossuary)
  A scorpion (D:4)
  2 jellies (D:3)
  A human zombie (Ossuary)
  An orc wizard (D:4)
  An iguana (D:4)
  3 gnolls
  4 adders
  11 oozes
  3 worms
  2 dart slugs (D:3)
  A leopard gecko (D:4)
  6 orcs
  2 ball pythons
  2 giant cockroaches (D:2)
  6 goblins
  6 hobgoblins
  6 jackals
  4 quokkas
  3 bats
  4 frilled lizards
  20 kobolds
  7 rats
97 creatures vanquished.

Vanquished Creatures (others)
  7 fungi (D:3)
  5 toadstools (D:3)
12 creatures vanquished.

Grand Total: 109 creatures vanquished

Notes
Turn   | Place    | Note
-------+----------+-------------------------------------------
     0 | D:1      | Atlas the Octopode Transmuter began the quest for the Orb.
     0 | D:1      | Reached XP level 1. HP: 13/13 MP: 3/3
    48 | D:1      | Reached XP level 2. HP: 18/18 MP: 3/5
   764 | D:2      | Reached XP level 3. HP: 16/23 MP: 4/6
   918 | D:2      | HP: 1/23 [poisoned by a kobold]
  1694 | D:2      | Found a faded altar of an unknown god.
  1788 | D:2      | Found a shattered altar of Ashenzari.
  1959 | D:2      | Reached XP level 4. HP: 22/28 MP: 7/7
  2018 | D:2      | Found a deep blue altar of Sif Muna.
  2522 | D:2      | Learned a level 2 spell: Sticks to Snakes
  2528 | D:2      | Reached skill level 1 in Stealth
  2572 | D:2      | Learned a level 3 spell: Spider Form
  2699 | D:3      | Reached skill level 4 in Unarmed Combat
  2938 | D:3      | Found a sparkling altar of Nemelex Xobeh.
  3165 | D:3      | Reached XP level 5. HP: 23/33 MP: 8/8
  3960 | D:3      | Reached skill level 1 in Poison Magic
  4161 | D:3      | Reached XP level 6. HP: 17/38 MP: 3/10
  4520 | D:4      | Reached skill level 5 in Unarmed Combat
  4751 | D:4      | Found a sand-covered staircase.
  4768 | Ossuary  | Entered an ossuary
  4782 | Ossuary  | Reached XP level 7. HP: 31/43 MP: 12/12
  4795 | Ossuary  | HP: 1/43 [goblin zombie (3)]
  4796 | Ossuary  | Slain by a hound zombie

Vault maps used:
D:1:      minmay_arrival_hallway, serial_curves, eino_curves_03, eino_curves_03,
          due_unseen_surprise
D:2:      lemuel_blue_sif_altar, ashenzari_altar_1,
          chequers_ecumenical_altar_simple
D:3:      cheibrodos_fertilizer, nemelex_dance_club_becter
D:4:      minmay_temple_entry_trees, lightli_ossuary_entry_decrepit_ruins,
          feat_on_display
Ossuary:  ossuary_minmay_tomb_2a

Skill      XL: |  1  2  3  4  5  6 |
---------------+-------------------+-----
Stealth        | 1 2 |  2.2
Unarmed Combat | 4 5 |  5.3
Poison Magic   | 1 |  1.8
Spellcasting   | 3 |  3.4
Transmutations | 3 |  3.2
Fighting       | |  1.5
Dodging        | |  2.9
Shields        | |  0.9

Action                   |  1- 3 |  4- 6 |  7- 9 || total
-------------------------+-------+-------+-------++-------
Melee: Unarmed           |    77 |   141 |     6 ||   224
       Kick              |    11 |     5 |     4 ||    20
       Constrict         |    20 |    22 |     2 ||    44
       Tentacles         |    13 |    26 |     2 ||    41
       Punch             |     4 |     3 |       ||     7
 Cast: Beastly Appendage |     9 |     6 |       ||    15
       Spider Form       |       |     8 |       ||     8
       Sticks to Snakes  |       |     3 |       ||     3
  Use: Potion            |       |     6 |     2 ||     8
       Scroll            |       |     7 |     1 ||     8
 Stab: Sleeping          |     7 |     7 |       ||    14
       Distracted        |       |     1 |       ||     1
  Eat: Ration            |     1 |     1 |       ||     2
       Chunk             |       |     7 |       ||     7
Armor: Skin              |     3 |     5 |     4 ||    12
Dodge: Dodged            |    42 |   130 |    32 ||   204
Block: Buckler           |     6 |    15 |    12 ||    33

Table legend:
 A = Spawn XP
 B = Non-spawn XP
 C = Spawn XP percentage of total XP
 D = Spawn monster count
 E = Non-spawn monster count
 F = Spawn count percentage of total count
 G = Total turns spent on level
                    A         B        C        D         E        F      G
               +---------+---------+-------+---------+---------+-------+---------
         Total |       0 |     690 |   0.0 |       0 |      97 |   0.0 |  4796
               +---------+---------+-------+---------+---------+-------+---------
           D:1 |       0 |      30 |   0.0 |       0 |      13 |   0.0 |   753
           D:2 |       0 |      69 |   0.0 |       0 |      30 |   0.0 |  1961
           D:3 |       0 |     257 |   0.0 |       0 |      40 |   0.0 |  1685
           D:4 |       0 |     197 |   0.0 |       0 |      12 |   0.0 |   369
       Ossuary |       0 |     137 |   0.0 |       0 |       2 |   0.0 |    28
               +---------+---------+-------+---------+---------+-------+---------
